Map: Frostline LE

Players

wootwoot - Winner!

  • Race: Zerg Zerg
  • League: Diamond
  • Spawn Location: 7:00

HyperioN

  • Race: Terran Terran
  • League: Master
  • Spawn Location: 1:00

VOD

Have the link to the VOD?

Description

Time

  • Played on: April 23, 2025, 5:57 a.m.
  • Length: 4:00
Show
View Real Time Build Order
Export as new Build Order

wootwoot Zerg - Winner!

Build Orders: Hatch First 

Get SALT Encoding   

  12  0:00  Drone  
  13  0:12  Overlord  
  13  0:17  Drone  
  14  0:31  Drone x2  
  16  0:47  Hatchery  
  16  0:50  Drone  
  16  0:53  Drone  
  16  0:56  Drone  
  18  0:58  Extractor  
  17  1:12  Spawning Pool  
  17  1:17  Drone  
  17  1:18  Drone  
  18  1:29  Drone  
  19  1:40  Overlord  
  19  1:59  Metabolic Boost  
  19  2:00  Queen x2  
  23  2:03  Zergling x2  
  23  2:06  Zergling x2  
  25  2:09  Zergling x2  
  25  2:12  Zergling x2  
  27  2:16  Zergling x2  
  28  2:23  Zergling x4  
  30  2:31  Baneling Nest  
  30  2:32  Drone  
  29  2:37  Zergling x2  
  29  2:43  Zergling x2  
  29  2:44  Zergling x2  
  31  2:54  Zergling x2  
  31  2:55  Zergling x2  
  33  3:04  Zergling x2  
  34  3:06  Zergling x2  
  34  3:10  Zergling x2, Overlord  
  35  3:31  Overlord  
  35  3:33  Zergling x2  
  35  3:34  Baneling x3, Zergling x4  
  38  3:35  Baneling x3  
  38  3:36  Zergling x2  
  38  3:39  Zergling x2  
Show
View Real Time Build Order
Export as new Build Order

HyperioN Terran 

Build Orders: Reaper Expand 

Get SALT Encoding   

  12  0:00  SCV  
  13  0:12  SCV  
  14  0:17  Supply Depot  
  14  0:24  SCV  
  15  0:38  SCV  
  15  0:39  Barracks  
  16  0:43  Refinery  
  16  0:50  SCV  
  17  1:03  SCV  
  18  1:15  SCV  
  19  1:26  Reaper  
  19  1:28  Orbital Command  
  20  1:42  Command Center  
  20  1:51  Supply Depot  
  20  1:55  SCV  
  20  1:59  Marine  
  22  2:07  SCV  
  23  2:11  Factory  
  23  2:19  SCV  
  23  2:22  Barracks Reactor  
  24  2:31  SCV  
  25  2:44  Command Center  
  25  2:46  SCV  
  26  2:55  Orbital Command, Refinery  
  26  3:05  Starport  
  26  3:09  SCV  
  27  3:19  Hellion x2  
  29  3:28  Marine  
Tags
 
Add a new tag
Caveats
  • Supply blocks, unpowered buildings, or Contaminate may cause inaccurate times.
  • Supply counts are checked every 10 seconds.